 Dungeon Crawl Stone Soup version 0.29.1-15-g9cfb28693d (webtiles) character file.

Game seed: 1088057607998705181

158 Hugehornet the Covert (level 5, 0/47 HPs)
             Began as a Gnoll Delver on Feb 23, 2023.
             Slain by an orc priest
             ... wielding a +1 whip of flaming
              (2 damage)
             ... on level 3 of the Dungeon.
             The game lasted 00:05:42 (2133 turns).

Hugehornet the Covert (Gnoll Delver)                Turns: 2133, Time: 00:05:43

Health: 0/47       AC:  3    Str: 11    XL:     5   Next: 40%
Magic:  7/7        EV: 13    Int: 17    God:
Gold:   85         SH:  0    Dex: 14    Spells: 7/7 levels left

rFire   . . .      SeeInvis .   a - +0 spear
rCold   . . .      Faith    .   (no shield)
rNeg    . . .      Spirit   .   b - +0 leather armour
rPois   .          Reflect  .   (no helmet)
rElec   .          Harm     .   t - scarf {repulsion}
rCorr   .          Rampage  .   (no gloves)
Will    .....                   (no boots)
Stlth   ++++......              (no amulet)
HPRegen 0.15/turn               l - +6 ring of intelligence
MPRegen 0.10/turn               (no ring)

@: attractive, repel missiles
A: fangs 1, strong nose, distributed training
a: no special abilities


You were on level 3 of the Dungeon.
You visited 1 branch of the dungeon, and saw 5 of its levels.

You collected 103 gold pieces.
You spent 18 gold pieces at shops.

Inventory:

Hand Weapons
 a - a +0 spear (weapon)
Armour
 b - a +0 leather armour (worn)
 s - a +0 plate armour
 t - a scarf of repulsion (worn)
Jewellery
 l - a +6 ring of intelligence (left hand)
Wands
 g - a wand of digging (3)
Scrolls
 c - 2 scrolls of fog
 d - a scroll of magic mapping
 e - 4 scrolls of identify {unknown}
 j - a scroll of vulnerability {unknown}
 k - 2 scrolls of teleportation {unknown}
 m - 2 scrolls of fear
 p - 2 scrolls of blinking {unknown}
Potions
 f - 2 potions of haste
 h - 3 potions of attraction
 i - a potion of berserk rage {unknown}
 n - a potion of heal wounds {unknown}
 o - 2 potions of curing
 q - a potion of cancellation {unknown}
 r - a potion of degeneration {unknown}


   Skills:
 + Level 6.7 Fighting
 + Level 1.5 Short Blades
 + Level 1.5 Long Blades
 + Level 1.5 Axes
 + Level 1.5 Maces & Flails
 + Level 4.8 Polearms
 + Level 1.5 Staves
 + Level 1.5 Ranged Weapons
 + Level 1.5 Throwing
 + Level 1.5 Armour
 + Level 4.8 Dodging
 + Level 9.7 Stealth
 + Level 1.5 Shields
 + Level 1.5 Unarmed Combat
 + Level 1.5 Spellcasting
 + Level 1.2 Conjurations
 + Level 1.2 Hexes
 + Level 1.2 Summonings
 + Level 1.2 Necromancy
 + Level 1.2 Translocations
 + Level 1.2 Transmutations
 + Level 1.2 Fire Magic
 + Level 1.2 Ice Magic
 + Level 1.2 Air Magic
 + Level 1.2 Earth Magic
 + Level 1.2 Poison Magic
 + Level 1.7 Invocations
 + Level 1.5 Evocations


You had 7 spell levels left.
You didn't know any spells.
Your spell library was empty.

Dungeon Overview and Level Annotations

Branches:
Dungeon (5/15)
 Temple: D:4-7

Altars:

Shops:
D:2 *

Annotations:
D:5 3 runed translucent doors, Pikel; Prince Ribbit; gargbit's ghost, amateur FoHu


Innate Abilities, Weirdness & Mutations

You have very sharp teeth.
Your uncanny sense of smell can sniff out nearby items.
Your experience applies equally to all skills.


Message History

The orc hits you but does no damage.
You hit the orc.
You kill the orc!
You hit the orc priest but do no damage.
The orc shouts!
The orc priest mumbles some strange prayers to Beogh against you.
Beogh smites you!
The orc throws a boomerang.
The boomerang completely misses you.
You closely miss the orc priest.
A ball python comes into view.
The orc priest invokes the aid of Beogh against you.
Beogh smites you!
The orc throws a boomerang.
The boomerang closely misses you.
The ball python hisses angrily.
You closely miss the orc priest. Your bite misses the orc priest.
The orc priest completely misses you.
You hit the orc priest.
The orc priest is lightly wounded.
The orc priest hits you with a +1 whip of flaming.
The orc priest burns you.
You are too injured to fight recklessly!
You hit the orc priest.
The orc priest is heavily wounded.
The orc priest invokes the aid of Beogh against you.
Beogh smites you!
* * * LOW HITPOINT WARNING * * *
You hit the orc priest but do no damage.
Your bite misses the orc priest.
The orc priest is heavily wounded.
It was a potion of attraction.
You feel attractive to monsters. The orc hits you with a +0 club.
* * * LOW HITPOINT WARNING * * *
The orc priest misses you.
It was a potion of curing.
You feel better. The ball python bites you.
* * * LOW HITPOINT WARNING * * *
The ball python closely misses you.
The orc priest hits you with a +1 whip of flaming.
* * * LOW HITPOINT WARNING * * *
The orc priest burns you.
You die...

####### #.....# ####
#######.###.# ...#
##<......###o######
##.###.........#@o.....#
.....#..........#S...#.#
##..............######
#.........(....#
##..............#
....>...#.#####.# ∆
##......#.# #.#
#.#.##.#.# #.. ##'#.##.#
###


You could see an orc priest, an orc and a ball python.

Vanquished Creatures
  A necrophage (D:2)
  A hound (D:5)
  Natasha (D:3)
  A worm (D:4)
  2 dart slugs (D:1)
  An orc (D:3)
  5 bats
  4 endoplasms
  3 giant cockroaches
  4 goblins
  3 hobgoblins
  2 quokkas (D:1)
  A frilled lizard (D:3)
  3 kobolds
  4 rats
36 creatures vanquished.

Notes
Turn   | Place    | Note
-------+----------+-------------------------------------------
     0 | D:5      | Reached skill level 9 in Stealth
     0 | D:5      | Hugehornet the Gnoll Delver began the quest for the Orb.
     0 | D:5      | Reached XP level 1. HP: 23/23 MP: 1/1
    14 | D:5      | Noticed a black bear
    14 | D:5      | Noticed gargbit's ghost (amateur FoHu)
    16 | D:5      | Found a runed translucent gate.
    16 | D:5      | Found a runed translucent gate.
    16 | D:5      | Found a runed translucent gate.
    16 | D:5      | Noticed an iguana
    17 | D:5      | Noticed a scorpion
    68 | D:5      | Noticed Prince Ribbit
   114 | D:5      | Noticed a hound
   124 | D:5      | Killed a hound
   125 | D:5      | Reached XP level 2. HP: 22/29 MP: 1/3
   125 | D:5      | Reached XP level 3. HP: 26/35 MP: 1/4
   211 | D:5      | Noticed a lemure
   211 | D:5      | Noticed a lemure
   211 | D:5      | Noticed an ogre
   242 | D:5      | Noticed a necrophage
   247 | D:5      | Noticed a lemure
   247 | D:5      | Noticed Pikel
   494 | D:2      | Found Puoz's Assorted Antiques.
   506 | D:2      | Reached skill level 1 in Invocations
   509 | D:2      | Bought an amethyst potion for 18 gold pieces
   766 | D:1      | Reached skill level 1 in Short Blades
   766 | D:1      | Reached skill level 1 in Long Blades
   766 | D:1      | Reached skill level 1 in Axes
   766 | D:1      | Reached skill level 1 in Maces & Flails
   766 | D:1      | Reached skill level 1 in Staves
   766 | D:1      | Reached skill level 1 in Ranged Weapons
   766 | D:1      | Reached skill level 1 in Throwing
   766 | D:1      | Reached skill level 1 in Armour
   766 | D:1      | Reached skill level 1 in Shields
   766 | D:1      | Reached skill level 1 in Unarmed Combat
   766 | D:1      | Reached skill level 1 in Spellcasting
   766 | D:1      | Reached skill level 1 in Evocations
   987 | D:1      | Reached XP level 4. HP: 39/41 MP: 5/5
  1175 | D:1      | Found a faded altar of an unknown god.
  1175 | D:1      | Noticed a Brimstone Fiend
  1758 | D:2      | Noticed a necrophage
  1778 | D:2      | Killed a necrophage
  1779 | D:2      | Reached skill level 1 in Conjurations
  1779 | D:2      | Reached skill level 1 in Hexes
  1779 | D:2      | Reached skill level 1 in Summonings
  1779 | D:2      | Reached skill level 1 in Necromancy
  1779 | D:2      | Reached skill level 1 in Translocations
  1779 | D:2      | Reached skill level 1 in Transmutations
  1779 | D:2      | Reached skill level 1 in Fire Magic
  1779 | D:2      | Reached skill level 1 in Ice Magic
  1779 | D:2      | Reached skill level 1 in Air Magic
  1779 | D:2      | Reached skill level 1 in Earth Magic
  1779 | D:2      | Reached skill level 1 in Poison Magic
  1779 | D:2      | Reached XP level 5. HP: 36/47 MP: 5/7
  1908 | D:3      | Noticed Natasha
  1927 | D:3      | Killed Natasha
  2133 | D:3      | HP: 2/47 [orc priest/+1 whip of flaming (4)]
  2133 | D:3      | Slain by an orc priest

Illustrated notes

Levels and vault maps discovered:
D:1:      matt_arrival_diagonals, layout_rooms,
          dreamdust_ecumenical_altar_sealed_demon
D:2:      layout_basic, serial_shops, nicolae_shop_advertising_works
          [nicolae_subvault_shop_adworks]
D:3:      layout_basic, mainiacjoe_overflow_24_doors, cheibrodos_gnoll_hut,
          uniq_natasha, uniq_crazy_yiuf_cottage
D:4:      layout_loops_cross, ebering_ghost_reflecting_pool,
          mrwooster_statue_mirror, minmay_misc_feat_columns, uniq_sigmund
D:5:      layout_rooms, mainiacjoe_overflow_surrounded_room, ashenzari_altar_1,
          grunt_temple_overflow_bloody_war, minmay_temple_entry_nine_rooms,
          gammafunk_ghost_split, kennysheep_generic_room_10,
          uniq_prince_ribbit1, uniq_pikel

Skill      XL: |  1  2  3  4 |
---------------+-------------+-----
Stealth        | |  9.7
Invocations    | 1 |  1.7
Short Blades   | 1 |  1.5
Long Blades    | 1 |  1.5
Axes           | 1 |  1.5
Maces & Flails | 1 |  1.5
Staves         | 1 |  1.5
Ranged Weapons | 1 |  1.5
Throwing       | 1 |  1.5
Armour         | 1 |  1.5
Shields        | 1 |  1.5
Unarmed Combat | 1 |  1.5
Spellcasting   | 1 |  1.5
Evocations     | 1 |  1.5
Conjurations   | 1 |  1.2
Hexes          | 1 |  1.2
Summonings     | 1 |  1.2
Necromancy     | 1 |  1.2
Translocations | 1 |  1.2
Transmutations | 1 |  1.2
Fire Magic     | 1 |  1.2
Ice Magic      | 1 |  1.2
Air Magic      | 1 |  1.2
Earth Magic    | 1 |  1.2
Poison Magic   | 1 |  1.2
Fighting       | |  6.7
Polearms       | |  4.8
Dodging        | |  4.8

Action                   |  1- 3 |  4- 6 || total
-------------------------+-------+-------++-------
Melee: Spear             |    91 |    60 ||   151
       Bite              |     9 |     6 ||    15
       Punch             |     1 |     2 ||     3
  Use: Scroll            |     1 |       ||     1
       Potion            |       |     2 ||     2
 Stab: Sleeping          |    10 |     8 ||    18
       Distracted        |       |     1 ||     1
Armor: Leather armour    |    14 |     9 ||    23
Dodge: Dodged            |    51 |    19 ||    70
